 Dungeon Crawl Stone Soup version 0.31-a0-196-g86fe4a5e66 (webtiles) character file.

Game seed: 5474291498698734390

1050 jlumianski the Trooper (level 8, -3/88 HPs)
             Began as a Djinni Fire Elementalist on June 24, 2023.
             Was an Initiate of Makhleb.
             Slain by a black bear (4 damage)
             ... on level 4 of the Dungeon.
             The game lasted 00:34:44 (3951 turns).

jlumianski the Trooper (Djinni Fire Elementalist)   Turns: 3951, Time: 00:34:44

Health: -3/88      AC:  3    Str:  7    XL:     8   Next: 50%
Gold:   227        EV: 13    Int: 25    God:    Makhleb [......] SH:  5 Dex: 14

rFire   + + .        h - staff of poison
rCold   x . .        (no shield)
rNeg    . . .        a - +0 robe
rPois   ∞            o - +0 hat
rElec   .            f - +0 cloak
rCorr   .            (no gloves)
SInv    .            (boots unavailable)
Will    .....        y - amulet of reflection Stlth
                     i - +6 ring of intelligence
HPRegen 0.34/turn    l - ring of wizardry
MPRegen 0.00/turn

%: reflection, wizardry (x1), infuse magic (-4 HP)
@: berserking, flying, very quick
A: sickness immunity, fire resistance 2, cold vulnerability 1, float, innate
caster, HP casting, extra vitality 1
a: Renounce Religion


You were on level 4 of the Dungeon.
You worshipped Makhleb.
Makhleb was noncommittal.
You visited 2 branches of the dungeon, and saw 6 of its levels.

You collected 227 gold pieces.

Inventory:

Hand Weapons
 c - a +0 dagger
Missiles
 b - 4 boomerangs
Armour
 a - a +0 robe (worn)
 f - a +0 cloak (worn)
 o - a +0 hat (worn)
Magical Staves
 h - a staff of poison (weapon)
Jewellery
 i - a +6 ring of intelligence (left hand)
 l - a ring of wizardry (right hand)
 n - a ring of resist corrosion
 v - a ring of wizardry
 y - an amulet of reflection (around neck)
Wands
 q - a wand of flame (22)
 t - a wand of polymorph (8)
Scrolls
 e - 2 scrolls of teleportation
 g - a scroll of amnesia {unknown}
 j - a scroll of silence {unknown}
 m - a scroll of fear {unknown}
 r - 2 scrolls of revelation {unknown}
 s - a scroll of enchant armour {unknown}
Potions
 d - 2 potions of curing
 k - a potion of magic
 p - a potion of invisibility
 u - a potion of resistance
 w - a potion of berserk rage
 x - a potion of might {unknown}


   Skills:
 * Level 5.1 Fighting
 + Level 1.3 Staves
 * Level 4.5 Dodging
 * Level 3.5 Stealth
 + Level 0.4 Unarmed Combat
 * Level 4.5 Spellcasting
 * Level 4.5 Conjurations
 * Level 4.5 Hexes
 * Level 4.5 Summonings
 * Level 4.5 Necromancy
 * Level 4.5 Translocations
 * Level 4.5 Transmutations
 * Level 4.5 Fire Magic
 * Level 4.5 Ice Magic
 * Level 4.5 Air Magic
 * Level 4.5 Earth Magic
 * Level 4.5 Poison Magic
 * Level 2.1 Invocations


You knew the following spells:

 Your Spells              Type           Power      Damage    Failure   Level
a - Foxfire               Conj/Fire      100%       2x1d9     1%          1
b - Scorch                Fire           56%        2d7       1%          2
c - Volatile Blastmotes   Fire/Tloc      56%        2d14      1%          3
d - Inner Flame           Hex/Fire       28%        N/A       1%          3
e - Flame Wave            Conj/Fire      28%        2d9       5%          4
f - Slow                  Hex            100%       N/A       1%          1
g - Blink                 Tloc           56%        N/A       1%          2
h - Lesser Beckoning      Tloc           56%        N/A       1%          2
Your spell library was empty.

Dungeon Overview and Level Annotations

Branches:
Dungeon (5/15)             Temple (1/1) D:5

Altars:
Cheibriados
Hepliaklqana
Makhleb
Trog
Uskayaw
Wu Jian
Zin


Innate Abilities, Weirdness & Mutations

You are immune to sickness and miasma.
You are immune to poison.
Your flesh is very heat resistant. (rF++)
You are vulnerable to cold. (rC-)
You float through the air rather than walking.
You learn spells naturally, not from books.
Your magical power is your life essence.
You have superior vitality. (+4 MHP)


Message History

You hit the scorpion.
The scorpion is almost dead.
The scorpion stings you.
You hit the scorpion but do no damage.
You envenom the scorpion.
You kill the scorpion!
Makhleb accepts your kill.
You start resting.
HP restored.
You fly downwards.
The ice beast hits you. The ice beast freezes you!!
You feel a terrible chill! The black bear bites you.
You block the black bear's attack. The black bear claws you.
There is a stone staircase leading up here.
The black bear misses you. The black bear claws you.
You block the black bear's attack. The ice beast misses you.
You fly upwards.
There is a stone staircase leading down here.
Things that are here:
4 stones; a +0 dagger
Casting: Flame Wave (dangerous; 5% risk of failure)
Confirm with . or Enter, or press ? or * to list all spells.
Casting: Flame Wave (dangerous; 5% risk of failure)
Press: ? - help, Dir - look around, f - activate A wave of flame ripples out!
The flame wave engulfs the ice beast!
The ice beast melts!
The ice beast is heavily wounded.
The flame wave engulfs the black bear!
The black bear is heavily wounded. (Press . to intensify the flame waves.)
The black bear closely misses you. The black bear barely misses you.
The black bear misses you. The ice beast hits you. The ice beast freezes you!
You feel a terrible chill!
* * * LOW HITPOINT WARNING * * *
Okay, then.
Okay, then.
Okay, then.
A red film seems to cover your vision as you go berserk!
You feel yourself moving faster!
You feel mighty! The black bear bites you.
* * * LOW HITPOINT WARNING * * *
The black bear claws you.
You die...

...#...<....# ###.......#
............# ##......#
....#.......# ##.....#
............# #######.....#
............###...........##
.#..........##.............##
.#..........................#
.#.#....##.#.....Y..........#
........##.#....@...........#
................†h..........#
......#.....................#
......##.##.##.............##
......##.##.###.....#.....##
..>....#..### ###..########
.......##.### ##.#####
....).......### #.#...#
#########.....# #.....#


You could see a black bear and an ice beast.

Vanquished Creatures
  Grinder (D:4)
  A water moccasin (D:5)
  An ice beast (D:4)
  An ogre (D:5)
  3 scorpions
  2 hounds (D:3)
  4 iguanas
  Terence (D:3)
  7 adders
  4 gnolls (D:3)
  A shadow imp (D:4)
  An ufetubus (D:5)
  3 worms
  4 dart slugs
  9 orcs
  8 ball pythons
  10 endoplasms
  2 giant cockroaches
  6 goblins
  4 hobgoblins
  3 jackals (D:2)
  8 kobolds
  7 quokkas
  7 bats
  4 frilled lizards
  8 rats
110 creatures vanquished.

Vanquished Creatures (others)
  253 foxfires
253 creatures vanquished.

Grand Total: 363 creatures vanquished

Notes
Turn   | Place    | Note
-------+----------+-------------------------------------------
     0 | D:1      | jlumianski the Djinni Fire Elementalist began the quest for
                  | the Orb.
     0 | D:1      | jlumianski set off with the following spells memorised:
                  | Foxfire, Scorch, Volatile Blastmotes, Inner Flame, Flame
                  | Wave.
     0 | D:1      | Reached XP level 1. HP: 15/15 MP: 0/0
   279 | D:1      | Reached XP level 2. HP: 21/21 MP: 0/0
   566 | D:1      | Reached XP level 3. HP: 25/26 MP: 0/0
   566 | D:1      | Learned a level 1 spell: Slow
   569 | D:1      | Reached skill level 1 in Fighting
  1131 | D:2      | Reached XP level 4. HP: 32/32 MP: 0/0
  1340 | D:2      | Found a faded altar of an unknown god.
  1831 | D:3      | Reached skill level 2 in Fighting
  1855 | D:3      | Reached XP level 5. HP: 36/38 MP: 0/0
  1855 | D:3      | Learned a level 2 spell: Blink
  2216 | D:3      | Noticed Terence
  2240 | D:3      | Killed Terence
  2342 | D:3      | Reached XP level 6. HP: 21/45 MP: 0/0
  2507 | D:3      | Reached skill level 3 in Fighting
  2918 | D:4      | Noticed an ice beast
  2934 | D:4      | Reached XP level 7. HP: 47/51 MP: 0/0
  2934 | D:4      | Learned a level 2 spell: Lesser Beckoning
  2955 | D:4      | Reached skill level 4 in Fighting
  2955 | D:4      | Reached skill level 1 in Staves
  2984 | D:5      | Entered Level 5 of the Dungeon
  2993 | D:5      | Found a staircase to the Ecumenical Temple.
  3121 | Temple   | Entered the Ecumenical Temple
  3128 | Temple   | Became a worshipper of Makhleb the Destroyer
  3434 | D:4      | Noticed Grinder
  3457 | D:4      | Killed Grinder
  3458 | D:4      | Reached skill level 1 in Invocations
  3458 | D:4      | Reached XP level 8. HP: 39/58 MP: 0/0
  3657 | D:5      | Reached skill level 5 in Fighting
  3950 | D:4      | HP: 2/59 [ice beast (16)]
  3951 | D:4      | Slain by a black bear

Illustrated notes

Levels and vault maps discovered:
D:1:      lemuel_arrival_behind_the_door_small, layout_loops_corners,
          serial_park_tiny_pond
D:2:      layout_rooms, basic_ecumenical_altar, minmay_puff
D:3:      minmay_spotlight, layout_loops_ring, nrook_mini_backslash,
          uniq_terence
D:4:      layout_rooms, uniq_grinder
D:5:      layout_rooms, minmay_temple_entry_sparse_star, grunt_ministairs_14,
          hangedman_decor_riveting, minmay_misc_feat_rows, abandoned_shop,
          nicolae_the_louvre, uniq_edmund
Temple:   hellmonk_temple_micro_hex

Skill      XL: |  1  2  3  4  5  6  7  8 |
---------------+-------------------------+-----
Spellcasting   | 4 |  4.5
Conjurations   | 4 |  4.5
Hexes          | 4 |  4.5
Summonings     | 4 |  4.5
Necromancy     | 4 |  4.5
Translocations | 4 |  4.5
Transmutations | 4 |  4.5
Fire Magic     | 4 |  4.5
Ice Magic      | 4 |  4.5
Air Magic      | 4 |  4.5
Earth Magic    | 4 |  4.5
Poison Magic   | 4 |  4.5
Fighting       | 1 2 3 4 5 |  5.1
Stealth        | 2 3 |  3.5
Dodging        | 3 4 |  4.5
Staves         | 1 |  1.3
Invocations    | 1 2 |  2.1
Unarmed Combat | |  0.4

Action                     |  1- 3 |  4- 6 |  7- 9 || total
---------------------------+-------+-------+-------++-------
  Melee: Dagger            |     7 |       |       ||     7
         Unarmed           |     1 |     3 |       ||     4
         Staff             |     8 |    24 |    15 ||    47
   Cast: Foxfire           |    35 |    79 |    34 ||   148
         Volatile Blastmot |       |     4 |     2 ||     6
         Scorch            |       |     5 |     4 ||     9
         Slow              |       |     2 |     2 ||     4
         Inner Flame       |       |     1 |     1 ||     2
         Blink             |       |       |     2 ||     2
         Lesser Beckoning  |       |       |     1 ||     1
         Flame Wave        |       |       |     3 ||     3
    Use: Scroll            |       |     4 |     1 ||     5
         Potion            |       |     1 |     1 ||     2
   Stab: Sleeping          |     3 |       |       ||     3
 Armour: Robe              |     7 |     5 |    10 ||    22
  Dodge: Dodged            |    15 |    39 |    31 ||    85
  Block: Other             |       |       |     9 ||     9

Table legend: (Time is in decaauts)
 A = Elapsed time spent in this place.
 B = Non-inter-level travel time spent in this place.
 C = Inter-level travel time spent in this place.
 D = Time resting spent in this place.
 E = Time spent auto-exploring this place.
 F = Levels seen in this place.
 G = Mean time per level.
                   A        B        C        D        E       F      G
               +--------+--------+--------+--------+--------+-----+--------+
         Total |   3968 |   3820 |    148 |    416 |   1987 |   6 |  661.3 |
       Dungeon |   3954 |   3806 |    148 |    416 |   1987 |   5 |  790.8 |
        Temple |     14 |     14 |      0 |      0 |      0 |   1 |   14.0 |
               +--------+--------+--------+--------+--------+-----+--------+

Top non-repeatable levels by time:
     D:4: 1073 daAuts
     D:3: 998 daAuts
     D:1: 908 daAuts
     D:2: 873 daAuts
     D:5: 99 daAuts
  Temple: 14 daAuts
